 Dungeon Crawl Stone Soup version 0.26.1-2-gb8aa6d0cf2 (webtiles) character file.

Game seed: 14637602943116063331

30517 Ladykiller69 the Brawler (level 13, -7/135 HPs)
             Began as a Troll Chaos Knight on Mar 14, 2021.
             Was an Elder of Ashenzari.
             Mangled by an orc warrior
             ... wielding a +0 long sword
             ... led by an orc high priest
              (14 damage)
             ... on level 1 of the Orcish Mines.
             The game lasted 00:49:43 (12326 turns).

Ladykiller69 the Brawler (Troll Chaos Knight)      Turns: 12326, Time: 00:49:44

Health: -7/135     AC: -6    Str: 22    XL:     13   Next: 21%
Magic:  0/12       EV: 10    Int: 10    God:    Ashenzari [****..]
Gold:   888        SH: 15    Dex: 12    Spells: 12/12 levels left

rFire    . . .     SeeInvis +     - Unarmed
rCold    . . .     Faith    .   m - +0 kite shield (curse)
rNeg     + . .     Spirit   +   a - +2 robe (curse)
rPois    +         Reflect  .   I - +1 hat
rElec    .         Harm     .   p - +0 cloak
rCorr    .         Rampage  .   (gloves unavailable)
Will     .....     Clarity  +   (boots unavailable)
Stlth    +.........             o - amulet of guardian spirit (curse)
HPRegen  0.72/turn              h - ring of positive energy
MPRegen  0.13/turn              (no ring)

@: corroded
A: large, unfitting armour, claws 3, fangs 1, large bone plates 1, blink,
clarity, clever 1, sense surroundings 1, poison resistance, regeneration 1,
shaggy fur 1, tough skin 3, weak 1
a: Blink, Renounce Religion, Curse Item, Scrying


You were on level 1 of the Orcish Mines.
You worshipped Ashenzari.
Ashenzari was greatly pleased with you.
You visited 3 branches of the dungeon, and saw 16 of its levels.
You also visited: Ossuary.

You collected 972 gold pieces.
You spent 84 gold pieces at shops.

Inventory:

Hand Weapons
 S - a +3 eveningstar
Missiles
 E - 37 boomerangs (quivered)
 T - 4 javelins
Armour
 a - a cursed +2 robe (worn)
 i - a +0 cloak
 m - a cursed +0 kite shield (worn)
 p - a +0 cloak (worn)
 G - +0 steam dragon scales
 I - a +1 hat (worn)
Jewellery
 h - a ring of positive energy (left claw)
 o - a cursed amulet of guardian spirit (around neck)
 r - an uncursed amulet of the acrobat
 N - an uncursed ring of fire
 O - an uncursed ring of ice
 Q - an uncursed ring of ice
Wands
 B - a wand of polymorph (2)
 F - a wand of enslavement (22)
 K - a wand of acid (12)
Scrolls
 f - 16 scrolls of identify
 j - 4 scrolls of immolation {unknown}
 k - 7 scrolls of teleportation {unknown}
 l - 5 scrolls of enchant armour {unknown}
 n - 3 scrolls of fear {unknown}
 q - 3 scrolls of fog {unknown}
 t - 6 scrolls of amnesia {unknown}
 u - 6 scrolls of enchant weapon {unknown}
 x - a scroll of torment {unknown}
 y - 4 scrolls of magic mapping {unknown}
 C - a scroll of random uselessness {unknown}
 D - 3 scrolls of remove curse
 L - a scroll of blinking {unknown}
 M - a scroll of noise {unknown}
Potions
 b - 3 potions of ambrosia {unknown}
 c - 5 potions of flight {unknown}
 d - 4 potions of heal wounds {unknown}
 e - 2 potions of attraction {unknown}
 g - 2 potions of lignification {unknown}
 s - 2 potions of haste {unknown}
 v - 8 potions of curing
 w - a potion of mutation {unknown}
 z - 2 potions of berserk rage
 A - 5 potions of invisibility
 H - 4 potions of might {unknown}
 J - 2 potions of brilliance {unknown}
 R - a potion of degeneration {unknown}
Miscellaneous
 P - a phantom mirror


   Skills:
 + Level 10.4 Fighting
 - Level 2.5 Dodging
 - Level 8.0(10.3) Shields
 * Level 16.1 Unarmed Combat


You had 12 spell levels left.
You didn't know any spells.
Your spell library was empty.

Dungeon Overview and Level Annotations

Branches:
Dungeon (13/15)            Temple (1/1) D:6            Lair (0/6) D:8
    Orc (2/2) D:9             Elf (0/3) Orc:2       Ossuary (visited)
 Vaults: D:13-14

Altars:
Ashenzari
Cheibriados
Dithmenos
Elyvilon
Fedhas
Gozag
Hepliaklqana
Kikubaaqudgha
Makhleb
Nemelex Xobeh
Okawaru
Qazlal
Ru
Sif Muna
Trog
Uskayaw
Vehumet
Wu Jian
Xom
Yredelemnul
Zin
The Shining One

Shops:
D:8 !   D:9 !   D:10 *   D:11 [   D:12 (   D:13 =   Orc:1 :

Annotations:
D:5 exclusions: 2 plants and 2 more exclusions
D:8 exclusions: electric eel and 6 more exclusions
D:10 3 runed translucent doors, funkygono's ghost, journeyman DsMo
Orc:1 exclusion: oklob plant


Innate Abilities, Weirdness & Mutations

You are too large for most types of armour.
You have claws for hands.
Your natural rate of healing is unusually fast.
You are covered in fur. (AC +1)
You have extremely tough skin. (AC +3)
You have very sharp teeth.
You are partially covered in large bone plates. (SH +4)
You can translocate small distances at will.
You possess an exceptional clarity of mind.
Your mind is acute. (Int +2)
You passively map a small area around you.
Your system is resistant to poisons. (rPois)
You are weak. (Str -2)


Message History

You block the orc warrior's attack. You block the orc high priest's attack.
You barely miss the orc high priest.
You bite the orc high priest, but do no damage.
The orc high priest is severely wounded.
You block the rust devil's attack. The orc warrior barely misses you.
You scratch the orc high priest but do no damage.
The orc high priest is severely wounded.
You block the orc warrior's attack. You block the orc high priest's attack.
The rust devil barely misses you.
You scratch the orc high priest but do no damage.
You bite the orc high priest, but do no damage.
The orc high priest is severely wounded.
You block the orc warrior's attack.
You barely miss the orc high priest.
You bite the orc high priest, but do no damage.
The orc high priest is severely wounded.
You block the rust devil's attack.
The orc warrior hits you with a +0 long sword!
You die...
Xom chortles!

##.....................
#......................
##.....................
#......................
#......................
#......>...............
#.....[................
#.....)o...............
##...)@................
#....4oo...............
#.................##.#.
#...^..............####
#..[...............## #
##............##....#
##...........####.##
##....[)........#..##
#.......[...........#


You could see an orc high priest, a rust devil (summoned) and 2 orc warriors.

Vanquished Creatures
  Gastronok (D:8)
  Fannar (Orc:1)
  A boulder beetle (D:11)
  4 two-headed ogres
  2 orc high priests
  Urug (Orc:2)
  An unseen horror (D:13)
  Pikel (D:8)
  2 orc knights
  An ugly thing (D:11)
  7 orc sorcerers
  Maurice (Orc:1)
  3 gargoyles (D:10)
  Maggie (D:7)
  A komodo dragon (D:11)
  6 trolls
  Prince Ribbit (D:9)
  A wraith (D:10)
  24 yaks
  5 wyverns
  Menkaure (D:7)
  2 vampire mosquitoes (D:13)
  A soldier ant (D:13)
  Edmund (D:6)
  2 wargs (Orc:2)
  Duvessa (D:6)
  2 ice beasts
  3 sky beasts
  24 orc warriors
  3 phantoms
  A black bear (D:10)
  A hornet zombie (Ossuary)
  10 centaurs
  A necrophage (D:8)
  8 ogres
  2 eyes of draining
  3 wolves
  4 bullfrogs
  Blork the orc (D:6)
  A gnoll sergeant (D:11)
  Dowan (D:6)
  A wyvern skeleton (D:8)
  5 scorpions
  3 killer bees (D:8)
  A wight (D:8)
  3 howler monkeys
  2 centaur zombies
  10 bullfrog zombies
  A wyvern simulacrum (D:11)
  3 jellies
  2 quasits
  3 centaur skeletons
  Crazy Yiuf (D:2)
  16 orc priests
  5 hounds
  25 orc wizards
  5 bullfrog skeletons
  2 iguanas (D:10)
  Ijyb (D:5)
  10 worker ants
  2 killer bee zombies (Ossuary)
  3 hound zombies
  3 hound skeletons
  11 mummies (Ossuary)
  A howler monkey zombie (D:5)
  4 worker ant zombies
  9 gnolls
  A howler monkey skeleton (D:11)
  11 adders
  2 white imps
  2 ufetubi
  An ooze (D:4)
  An adder skeleton (D:9)
  6 adder zombies
  5 worms
  3 dart slugs (D:1)
  6 leopard geckos
  72 orcs
  6 bats
  5 giant cockroaches
  8 goblins
  11 hobgoblins
  10 jackals
  5 kobolds
  3 quokkas
  2 ball pythons
  4 frilled lizards
  A jackal skeleton (D:6)
  3 jackal zombies
  A leopard gecko skeleton (D:6)
  2 leopard gecko zombies (Ossuary)
  5 rats
446 creatures vanquished.

Vanquished Creatures (others)
  A yak (D:9)
  An ogre (D:9)
  A worker ant (D:9)
  An adder (D:9)
  An orc (Orc:1)
  A quokka (D:9)
  13 plants
  13 withered plants
32 creatures vanquished.

Grand Total: 478 creatures vanquished

Notes
Turn   | Place    | Note
-------+----------+-------------------------------------------
     0 | D:1      | Ladykiller69 the Troll Chaos Knight began the quest for the
                  | Orb.
     0 | D:1      | Reached XP level 1. HP: 22/22 MP: 0/0
    77 | D:1      | XOM: silly message
    93 | D:1      | Reached XP level 2. HP: 29/29 MP: 1/1
   347 | D:1      | XOM is BORED!
   347 | D:1      | XOM: silly message
   463 | D:1      | XOM: silly message
   508 | D:2      | Reached XP level 3. HP: 36/36 MP: 2/2
   685 | D:2      | XOM: cloud trail
   729 | D:2      | Noticed a scorpion
   735 | D:2      | Killed a scorpion
   736 | D:2      | Reached skill level 4 in Unarmed Combat
   736 | D:2      | Reached XP level 4. HP: 40/45 MP: 3/3
  1054 | D:2      | Found a basalt altar of Yredelemnul.
  1108 | D:2      | XOM is BORED!
  1108 | D:2      | XOM: summons 1 hostile demon
  1200 | D:2      | Reached XP level 5. HP: 52/53 MP: 4/4
  1300 | D:2      | Found a runed translucent door.
  1301 | D:2      | Noticed Crazy Yiuf
  1445 | D:2      | XOM: god gift: scale mail {god gift}
  1591 | D:2      | XOM: give mutations
  1591 | D:2      | Gained mutation: You are partially covered in large bone
                  | plates. (SH +4) [Xom's grace]
  1591 | D:2      | Gained mutation: Your system is resistant to poisons.
                  | (rPois) [Xom's grace]
  1591 | D:2      | Gained mutation: You passively map a small area around you.
                  | [Xom's grace]
  1594 | D:2      | XOM: confuse monster(s)
  1599 | D:2      | Killed Crazy Yiuf
  1607 | D:2      | XOM: noise
  1700 | D:3      | Found a broken altar of Ashenzari.
  1780 | D:3      | Fell from the grace of Xom
  1780 | D:3      | Became a worshipper of Ashenzari the Shackled
  2385 | D:4      | Reached skill level 1 in Shields
  2410 | D:4      | XOM: summons 1 hostile shadow creature
  2421 | D:4      | Reached skill level 5 in Unarmed Combat
  2452 | D:4      | Reached XP level 6. HP: 59/61 MP: 3/5
  2862 | D:4      | Found a sand-covered staircase.
  2866 | Ossuary  | Entered an ossuary
  2923 | Ossuary  | Reached skill level 6 in Unarmed Combat
  2923 | Ossuary  | Reached XP level 7. HP: 38/68 MP: 3/6
  2985 | Ossuary  | XOM: stat loss: -1 Dex (9/10)
  3434 | D:5      | Entered Level 5 of the Dungeon
  3638 | D:5      | Noticed Ijyb
  3644 | D:5      | Killed Ijyb
  3645 | D:5      | Reached skill level 7 in Unarmed Combat
  3852 | D:5      | Reached XP level 8. HP: 79/79 MP: 7/7
  4023 | D:5      | XOM: give mutation
  4023 | D:5      | Gained mutation: You possess an exceptional clarity of
                  | mind. [Xom's grace]
  4054 | D:6      | Noticed Duvessa
  4062 | D:6      | Killed Duvessa
  4106 | D:6      | Noticed Blork the orc
  4166 | D:6      | Noticed Dowan
  4236 | D:6      | Killed Dowan
  4277 | D:6      | Reached skill level 5 in Fighting
  4277 | D:6      | Reached skill level 8 in Unarmed Combat
  4363 | D:6      | Found a staircase to the Ecumenical Temple.
  4372 | D:6      | Killed Blork the orc
  4390 | D:6      | Noticed Edmund
  4403 | D:6      | Killed Edmund
  4462 | D:6      | Found a sacrificial altar of Ru.
  4462 | D:6      | Found a glowing silver altar of Zin.
  4516 | D:6      | XOM: give mutations
  4516 | D:6      | Gained mutation: You expend magic power (3 MP) to
                  | strengthen your wands. [Xom's grace]
  4516 | D:6      | Gained mutation: You can translocate small distances at
                  | will. [Xom's grace]
  4537 | D:6      | Reached * piety under Ashenzari
  4625 | D:6      | Found a snail-covered altar of Cheibriados.
  4803 | Temple   | Entered the Ecumenical Temple
  4879 | D:6      | XOM: stat loss: -1 Str (21/22)
  4929 | D:7      | Found an ornate altar of the Wu Jian Council.
  4930 | D:7      | Found a sparkling altar of Nemelex Xobeh.
  4931 | D:7      | Found a hazy altar of Hepliaklqana.
  4931 | D:7      | Found a burning altar of Makhleb.
  4934 | D:7      | Found a radiant altar of Vehumet.
  4934 | D:7      | Found a shadowy altar of Dithmenos.
  4934 | D:7      | Found a shimmering altar of Xom.
  4943 | D:7      | XOM: scenery: summon butterflies
  5001 | D:7      | Reached XP level 9. HP: 87/88 MP: 8/8
  5006 | D:7      | Found a shimmering altar of Xom.
  5098 | D:7      | Found a white marble altar of Elyvilon.
  5112 | D:7      | Reached skill level 9 in Unarmed Combat
  5144 | D:7      | Noticed Menkaure
  5160 | D:7      | Killed Menkaure
  5273 | D:7      | Identified the cursed +0 plate armour "Luuceuf" {rPois
                  | Will+ Int+4}
  5667 | D:7      | Reached skill level 5 in Shields
  5704 | D:7      | Noticed Maggie
  5723 | D:7      | Killed Maggie
  5724 | D:7      | Reached skill level 10 in Unarmed Combat
  5827 | D:8      | Found a staircase to the Lair.
  5827 | D:8      | Noticed a troll
  5986 | D:8      | Noticed Gastronok
  6007 | D:8      | Killed Gastronok
  6008 | D:8      | Reached skill level 11 in Unarmed Combat
  6008 | D:8      | Reached XP level 10. HP: 100/100 MP: 9/9
  6044 | D:8      | XOM: cloud trail
  6188 | D:8      | Noticed Pikel
  6214 | D:8      | Killed Pikel
  6564 | D:8      | XOM: give mutations
  6564 | D:8      | Lost mutation: You possess an exceptional clarity of mind.
                  | [Xom's mischief]
  6564 | D:8      | Gained mutation: You are weak. (Str -2) [Xom's mischief]
  6564 | D:8      | Lost mutation: You expend magic power (3 MP) to strengthen
                  | your wands. [Xom's mischief]
  6744 | D:8      | Found Ywunir's Distillery.
  6959 | D:9      | Found Haczofooc's Distillery.
  7019 | D:9      | XOM: 1-stop teleportation journey
  7045 | D:9      | Reached ** piety under Ashenzari
  7088 | D:9      | Found a staircase to the Orcish Mines.
  7110 | D:9      | Noticed a two-headed ogre
  7117 | D:9      | Killed a two-headed ogre
  7118 | D:9      | Reached skill level 12 in Unarmed Combat
  7131 | D:9      | Found a shimmering altar of Xom.
  7147 | D:9      | XOM: divination: detect items
  7227 | D:9      | Reached XP level 11. HP: 109/109 MP: 10/10
  7251 | D:9      | Noticed a two-headed ogre
  7258 | D:9      | Killed a two-headed ogre
  7372 | D:9      | Noticed Prince Ribbit
  7377 | D:9      | Killed Prince Ribbit
  7706 | D:10     | Entered Level 10 of the Dungeon
  7742 | D:10     | Noticed a two-headed ogre
  7754 | D:10     | Killed a two-headed ogre
  8013 | D:10     | Found Pounaz's General Store.
  8022 | D:10     | Bought a scroll of identify for 28 gold pieces
  8022 | D:10     | Bought 2 scrolls of identify for 56 gold pieces
  8157 | D:10     | Reached skill level 13 in Unarmed Combat
  8191 | D:10     | XOM: noise
  8284 | D:10     | Found a runed translucent gate.
  8312 | D:10     | Found a runed translucent gate.
  8315 | D:10     | Found a runed translucent gate.
  8321 | D:10     | Noticed funkygono's ghost (journeyman DsMo)
  8321 | D:10     | Noticed a 12-headed hydra
  8660 | D:11     | XOM: give mutations
  8660 | D:11     | Gained mutation: You possess an exceptional clarity of
                  | mind. [Xom's grace]
  8660 | D:11     | Gained mutation: You have very sharp teeth. [Xom's grace]
  8660 | D:11     | Gained mutation: Your mind is acute. (Int +2) [Xom's grace]
  8808 | D:11     | Reached XP level 12. HP: 75/122 MP: 6/11
  8953 | D:11     | Found Maqoocs's Antique Armour Emporium.
  9085 | D:11     | Reached *** piety under Ashenzari
  9260 | D:11     | Noticed a boulder beetle
  9273 | D:11     | Killed a boulder beetle
  9274 | D:11     | Reached skill level 14 in Unarmed Combat
 10132 | D:12     | Found Tayl's Antique Weapon Shoppe.
 10139 | D:12     | Noticed a four-headed hydra
 10383 | D:13     | Noticed a four-headed hydra
 10472 | D:13     | Found Qaunor's Jewellery Shoppe.
 10627 | D:12     | Noticed a two-headed ogre
 10771 | Orc:1    | Entered Level 1 of the Orcish Mines
 10771 | Orc:1    | Noticed Fannar
 10783 | Orc:1    | Killed Fannar
 10893 | Orc:1    | Reached skill level 15 in Unarmed Combat
 10996 | Orc:1    | XOM: noise
 11043 | Orc:1    | XOM: 1-stop teleportation journey
 11044 | Orc:1    | Noticed Maurice
 11075 | Orc:1    | Killed Maurice
 11180 | Orc:1    | XOM: silly message
 11180 | Orc:1    | Was forgiven by Xom
 11248 | Orc:1    | Reached **** piety under Ashenzari
 11259 | Orc:1    | Paralysed by an orc sorcerer for 7 turns
 11338 | Orc:1    | Found Acaplibb's Book Emporium.
 11617 | Orc:2    | Entered Level 2 of the Orcish Mines
 11620 | Orc:2    | Reached skill level 10 in Fighting
 11716 | Orc:2    | Noticed a two-headed ogre
 11724 | Orc:2    | Killed a two-headed ogre
 11745 | Orc:2    | Found a staircase to the Elven Halls.
 11756 | Orc:2    | Noticed Urug
 11773 | Orc:2    | Killed Urug
 11844 | Orc:2    | Reached XP level 13. HP: 102/133 MP: 8/12
 12129 | Orc:1    | Reached skill level 16 in Unarmed Combat
 12301 | Orc:2    | Paralysed by an orc sorcerer for 2 turns
 12322 | Orc:1    | HP: 5/135 [orc warrior/+1 scimitar of protection (16)]
 12326 | Orc:1    | Mangled by an orc warrior

Illustrated notes

Levels and vault maps discovered:
D:1:      lightli_arrival_statuegarden, layout_rooms, serial_glass,
          glass_columns_a, glass_columns_c, hangedman_feature_mirror,
          serial_bayou_pond_e
D:2:      cheibrodos_greedy_goblins, layout_loops_corners,
          general_overflow_altar, uniq_crazy_yiuf_cottage
D:3:      layout_loops_ring, ashenzari_altar_1, chequers_hall_statues_wall_a
D:4:      layout_rooms, nicolae_ossuary_entry_plus, minmay_bisected
D:5:      cheibrodos_two_vegetables, layout_basic, amcnicky_mini_pool_small,
          uniq_ijyb
D:6:      layout_rooms, chequers_temple_overflow_statue_of_worship,
          slow_altar_2, minmay_temple_entry_junction, uniq_edmund,
          uniq_blork_the_orc, uniq_duvessa
D:7:      layout_basic, elyvilon_altar_3, grunt_temple_overflow_open,
          basic_altar, uniq_menkaure, uniq_maggie
D:8:      layout_loops_ring, erik_lair_island, serial_shops, kennysheep_mini,
          serial_undead, serial_undead_b, serial_undead_c, serial_undead_e,
          serial_undead_c, minivault_11, uniq_pikel, uniq_gastronok
D:9:      kennysheep_blocky_hall, layout_rooms, orc_0_dummy, serial_shops,
          nicolae_shop_crystal, serial_bayou_pond_c, xom_confusion_cloud,
          uniq_prince_ribbit1
D:10:     layout_cave_pools, gammafunk_ghost_hydra_chop, serial_shops,
          nicolae_shop_crystal
D:11:     layout_grid_maze, serial_shops, nicolae_shop_waterfront,
          hangedman_weighted_door
D:12:     layout_basic, serial_shops, nicolae_shop_crystal, minivault_22,
          statue_in_the_mist_lemuel
D:13:     layout_cave_pods, ximxim_vaults_locker_room, serial_shops, shop
Temple:   nicolae_temple_figure_zero
Orc:1:    layout_caves, serial_shops, shop, mines3_lemuel, uniq_fannar,
          uniq_maurice
Orc:2:    grunt_orc_cross, layout_caves, minmay_shop_enchanted_jewellery

Skill      XL: |  1  2  3  4  5  6  7  8  9 10 11 12 13 |
---------------+----------------------------------------+-----
Dodging        | 2 |  2.5
Fighting       | 3 4 5 6 7 8 10 | 10.4
Unarmed Combat | 4 5 6 7 8 11 12 13 15 16 | 16.1
Shields        | 1 2 3 4 5 6 8 |  8.0

Action                   |  1- 3 |  4- 6 |  7- 9 | 10-12 | 13-15 || total
-------------------------+-------+-------+-------+-------+-------++-------
Melee: Unarmed           |    79 |   231 |   363 |   808 |   103 ||  1584
       Punch             |     1 |       |       |       |       ||     1
       Bite              |       |       |       |    57 |    12 ||    69
Invok: Curse Item        |       |     1 |     2 |       |       ||     3
 Abil: Blink             |       |       |       |     3 |       ||     3
Evoke: Wand              |       |       |       |     1 |       ||     1
  Use: Potion            |       |       |       |       |     1 ||     1
 Stab: Sleeping          |       |     1 |       |       |       ||     1
       Invisible         |       |       |       |       |     3 ||     3
Armor: Robe              |    36 |    79 |    75 |   154 |    20 ||   364
Dodge: Dodged            |    38 |    54 |    71 |   154 |    36 ||   353
Block: Kite shield       |       |   103 |   175 |   457 |    91 ||   826
